 Dungeon Sprint DCSS version 0.27-a0-789-g6bb3289e1e (webtiles) character file.

Game seed: 1330157000492767482

2626 mhtbhm the Basher (level 9, -2/62 HPs)
             Began as a Gargoyle Fighter on Mar 27, 2021.
             Was an Elder of Okawaru.
             Slain by a boulder beetle (19 damage)
             ... in the Dungeon (Sprint IX: "|||||||||||||||||||||||||||||").
             The game lasted 00:02:21 (531 turns).

mhtbhm the Basher (Gargoyle Fighter)                 Turns: 531, Time: 00:02:22

Health: -2/62      AC: 26    Str: 23    XL:     9   Next: 60%
Magic:  9/9        EV: 12    Int: 12    God:    Okawaru [****..]
Gold:   0          SH: 12    Dex:  9    Spells: 8/8 levels left

rFire    . . .     SeeInvis .   a - +2 morningstar (protect)
rCold    . . .     Faith    .   c - +0 kite shield
rNeg     + . .     Spirit   .   b - +1 scale mail
rPois    ∞         Reflect  .   (no helmet)
rElec    +         Harm     .   o - +0 cloak
rCorr    .         Rampage  .   (no gloves)
Will     .....     NoTele   +   n - +0 pair of boots
Stlth    ..........             (no amulet)
HPRegen  0.20/turn              p - +3 ring of intelligence
MPRegen  0.11/turn              q - +2 ring of evasion

@: protection aura
A: AC +6, negative energy resistance 1, electricity resistance, torment
resistance 1, unbreathing 1, petrification resistance
a: Renounce Religion, Heroism


You were in the Dungeon.
You worshipped Okawaru.
Okawaru was greatly pleased with you.
You visited 1 branch

Inventory:

Hand Weapons
 a - a +2 morningstar of protection (weapon)
Armour
 b - a +1 scale mail (worn)
 c - a +0 kite shield (worn)
 n - a +0 pair of boots (worn)
 o - a +0 cloak (worn)
Jewellery
 p - a +3 ring of intelligence (right hand)
 q - a +2 ring of evasion (left hand)
Wands
 m - a wand of acid (4)
Scrolls
 j - 2 scrolls of blinking
 l - 2 scrolls of amnesia
Potions
 d - a potion of might
 e - a potion of invisibility
 f - a potion of heal wounds
 g - a potion of haste
 h - 4 potions of magic
 i - a potion of berserk rage
 k - 3 potions of curing


   Skills:
 + Level 9.9 Fighting
 + Level 12.9 Maces & Flails
 + Level 10.1 Armour
 + Level 5.0 Dodging
 + Level 1.3 Stealth
 + Level 11.3 Shields
 + Level 3.2 Evocations


You had 8 spell levels left.
You didn't know any spells.
Your spell library was empty.

Dungeon Overview and Level Annotations

Branches:
Dungeon (1/1)

Altars:
Cheibriados
Dithmenos
Elyvilon
Fedhas
Gozag
Hepliaklqana
Kikubaaqudgha
Makhleb
Nemelex Xobeh
Okawaru
Qazlal
Ru
Sif Muna
Trog
Uskayaw
Vehumet
Wu Jian
Xom
Yredelemnul
Zin
The Shining One
Beogh
Jiyva
Lugonu


Innate Abilities, Weirdness & Mutations

Your stone body is resilient. (AC +6)
You are immune to poison.
You resist negative energy. (rN+)
You are resistant to electric shocks. (rElec)
You are resistant to unholy torment.
You can survive without breathing.
You are immune to petrification.


Message History

The bolt of acid hits the boulder beetle!
The boulder beetle is splashed with acid!
The acid corrodes the boulder beetle!
The boulder beetle is moderately wounded.
The boulder beetle bites you but does no damage.
Unknown command.
Press < or > to pray at altars.
Unknown command.
Press < or > to pray at altars.
You impale the boulder beetle!!
The boulder beetle is severely wounded.
You block the boulder beetle's attack.
You hit the boulder beetle.
The boulder beetle is severely wounded.
The boulder beetle bites you!
You hit the boulder beetle but do no damage.
The boulder beetle is severely wounded.
The boulder beetle bites you.
You puncture the boulder beetle!
The boulder beetle is almost dead.
You block the boulder beetle's attack.
You impale the boulder beetle!!
You kill the boulder beetle!
Okawaru is honoured by your kill.
Your Maces & Flails skill increases to level 12!
Your Dodging skill increases to level 5!
Your Shields skill increases to level 11!
Your Evocations skill increases to level 3!
You hit the boulder beetle.
The boulder beetle is moderately wounded.
The boulder beetle bites you!
* * * LOW HITPOINT WARNING * * *
You hit the boulder beetle.
The boulder beetle is moderately wounded.
You block the boulder beetle's attack.
You hit the boulder beetle but do no damage.
The boulder beetle is moderately wounded.
The boulder beetle is no longer covered in acid.
The boulder beetle bites you!!
You die... ▓▓▓▓▓▓▓▓▓▓▓▓▓▓▓▓▓▓▓▓▓▓▓▓▓▓▓▓▓▓▓▓▓ ________________@B..)..[..()))... ▓▓▓▓▓▓▓▓▓▓▓▓▓▓▓▓▓▓▓▓▓▓▓▓▓▓▓▓▓▓▓▓▓

You could see a boulder beetle.

Vanquished Creatures
  A boulder beetle (D)
  A centaur warrior (D)
  A faun (shapeshifter) (D)
  A komodo dragon (D)
  A slime creature (D)
  A vampire (D)
  2 centaurs (D)
  A scorpion (D)
  A killer bee (D)
  A hound (D)
  An adder (D)
  A shadow imp (D)
  An endoplasm (D)
  A giant cockroach (D)
  2 goblins (D)
  A quokka (D)
  A bat (D)
  A jackal zombie (D)
20 creatures vanquished.

Vanquished Creatures (others)
  An orc wizard (D)
1 creature vanquished.

Grand Total: 21 creatures vanquished

Notes
Turn   | Place    | Note
-------+----------+-------------------------------------------
     0 | D        | mhtbhm the Gargoyle Fighter began the quest for the Orb.
     0 | D        | Reached XP level 1. HP: 14/14 MP: 1/1
    23 | D        | Noticed a hound
    23 | D        | Noticed a scorpion
    26 | D        | Reached XP level 2. HP: 20/20 MP: 2/2
    44 | D        | Reached skill level 3 in Maces & Flails
    44 | D        | Reached skill level 5 in Shields
    44 | D        | Reached XP level 3. HP: 19/24 MP: 3/3
    56 | D        | Killed a scorpion
    57 | D        | Reached skill level 5 in Fighting
    57 | D        | Reached skill level 4 in Maces & Flails
    57 | D        | Reached skill level 5 in Armour
    57 | D        | Reached XP level 4. HP: 15/31 MP: 4/4
    69 | D        | Reached skill level 1 in Dodging
    81 | D        | Found a snail-covered altar of Cheibriados.
    81 | D        | Found a shadowy altar of Dithmenos.
    81 | D        | Found a white marble altar of Elyvilon.
    81 | D        | Found a blossoming altar of Fedhas.
    81 | D        | Found an opulent altar of Gozag.
    82 | D        | Found a hazy altar of Hepliaklqana.
    83 | D        | Found a viscous altar of Jiyva.
    84 | D        | Found an ancient bone altar of Kikubaaqudgha.
    85 | D        | Found a corrupted altar of Lugonu.
    86 | D        | Found a burning altar of Makhleb.
    87 | D        | Found a sparkling altar of Nemelex Xobeh.
    88 | D        | Found an iron altar of Okawaru.
    89 | D        | Found a stormy altar of Qazlal.
    90 | D        | Found a sacrificial altar of Ru.
    91 | D        | Found a shimmering blue altar of Sif Muna.
    92 | D        | Found a bloodstained altar of Trog.
    93 | D        | Found a hide-covered altar of Uskayaw.
    94 | D        | Found a radiant altar of Vehumet.
    95 | D        | Found an ornate altar of the Wu Jian Council.
    96 | D        | Became a worshipper of Warmaster Okawaru
    97 | D        | Found a shimmering altar of Xom.
    98 | D        | Found a basalt altar of Yredelemnul.
    99 | D        | Found a glowing silver altar of Zin.
   100 | D        | Found a glowing golden altar of the Shining One.
   318 | D        | Noticed a centaur
   318 | D        | Noticed a vampire
   318 | D        | Noticed a centaur
   320 | D        | Killed a centaur
   321 | D        | Reached skill level 5 in Maces & Flails
   321 | D        | Reached XP level 5. HP: 36/36 MP: 5/5
   325 | D        | Reached skill level 6 in Maces & Flails
   327 | D        | Killed a centaur
   327 | D        | Reached * piety under Okawaru
   328 | D        | Reached skill level 7 in Maces & Flails
   328 | D        | Reached XP level 6. HP: 25/44 MP: 6/6
   329 | D        | Killed a vampire
   330 | D        | Reached skill level 8 in Maces & Flails
   330 | D        | Reached XP level 7. HP: 27/48 MP: 7/7
   460 | D        | Noticed a komodo dragon
   460 | D        | Noticed a boulder beetle
   460 | D        | Noticed a wind drake
   460 | D        | Noticed a centaur warrior
   460 | D        | Noticed a slime creature
   460 | D        | Noticed a boulder beetle
   465 | D        | Killed a komodo dragon
   466 | D        | Reached skill level 9 in Maces & Flails
   466 | D        | Reached skill level 1 in Evocations
   484 | D        | Noticed a queen bee
   484 | D        | a wind drake changed into a queen bee
   487 | D        | Noticed a faun
   487 | D        | a queen bee changed into a faun
   491 | D        | Killed a faun
   491 | D        | Reached ** piety under Okawaru
   492 | D        | Reached skill level 10 in Maces & Flails
   492 | D        | Reached XP level 8. HP: 35/55 MP: 8/8
   497 | D        | Killed a centaur warrior
   497 | D        | Reached *** piety under Okawaru
   498 | D        | Reached skill level 11 in Maces & Flails
   498 | D        | Reached skill level 1 in Stealth
   498 | D        | Reached skill level 10 in Shields
   498 | D        | Reached XP level 9. HP: 32/60 MP: 9/9
   506 | D        | Reached skill level 10 in Armour
   528 | D        | Killed a boulder beetle
   528 | D        | Reached **** piety under Okawaru
   529 | D        | Reached skill level 12 in Maces & Flails
   529 | D        | Reached skill level 5 in Dodging
   531 | D        | Slain by a boulder beetle

Illustrated notes

Levels and vault maps discovered:
D:        linesprint [early_d, line_temple, items_1, d_10, items_2, lair_1,
          lair_end, items_3, orc_1, orc_end, items_4, d_15, swamp_1, shoals_1,
          snake_1, spider_1, d_20, vaults_1, items_5, swamp_end, shoals_end,
          snake_end, spider_end, vaults_end, d_27, items_6, zot_1, zot_end,
          crypt_end, forest_end, elf_end, slime_end, tomb_end, abyss_end,
          pan_hell_end]

Skill      XL: |  1  2  3  4  5  6  7  8  9 |
---------------+----------------------------+-----
Armour         | 4 5 6 7 8 9 10 | 10.1
Shields        | 4 5 6 7 8 9 10 11 | 11.3
Fighting       | 4 5 6 7 8 9 |  9.9
Maces & Flails | 3 4 5 7 8 10 11 12 | 12.9
Dodging        | 1 2 3 4 5 |  5.0
Evocations     | 2 3 |  3.2
Stealth        | 1 |  1.3

Action                   |  1- 3 |  4- 6 |  7- 9 || total
-------------------------+-------+-------+-------++-------
Melee: Flail             |    45 |    16 |       ||    61
       Morningstar       |       |     6 |    43 ||    49
Evoke: Wand              |       |     4 |     2 ||     6
  Use: Potion            |     1 |     1 |     2 ||     4
Armor: Scale mail        |    37 |    20 |    11 ||    68
Dodge: Dodged            |    16 |     4 |    13 ||    33
Block: Kite shield       |    19 |    15 |    22 ||    56

Table legend: (Time is in decaauts)
 A = Elapsed time spent in this place.
 B = Non-inter-level travel time spent in this place.
 C = Inter-level travel time spent in this place.
 D = Time resting spent in this place.
 E = Time spent auto-exploring this place.
 F = Levels seen in this place.
 G = Mean time per level.
                   A        B        C        D        E       F      G
               +--------+--------+--------+--------+--------+-----+--------+
         Total |    562 |    562 |      0 |    290 |      0 |   1 |  562.0 |
       Dungeon |    562 |    562 |      0 |    290 |      0 |   1 |  562.0 |
               +--------+--------+--------+--------+--------+-----+--------+

Top non-repeatable levels by time:
       D: 562 daAuts
